Login

Mongoloids vs Flyers

Created - November 16, 2025 at 12:26

Goals
1 2 3 T
Mongoloids 1 1 0 2
Flyers 2 0 2 4
Shots
1 2 3 T
Mongoloids 8 3 6 17
Flyers 12 11 17 40

GoalsPenalties
1st period
1. Flyers , Troy Terry 2 (Joshua Norris 2, Mattias Samuelsson 2) at 6:15
2. Mongoloids , Kevin Bahl 1 (Morgan Geekie 1, Tom Wilson 1) at 11:42
3. Flyers , Jack Eichel 1 (Barclay Goodrow 1, Ryan Pulock 2) at 19:24
Wee Kawk (ULA) for Interference (Minor) at 2:27
Carson Soucy (ULA) for Delaying the game (Minor) at 19:59
2nd period
4. Mongoloids , Tom Wilson 3 (Morgan Geekie 2, Drake Batherson 3) at 10:10
Wee Kawk (ULA) for Cross-checking (Minor) at 5:58
Dylan Samberg (ULA) for Tripping (Minor) at 10:24
Andreas Englund (ULA) for Slashing (Minor) at 14:36
3rd period
5. Flyers , Claude Giroux 2 (Ivan Barbashev 2, Pius Suter 2) at 4:57
6. Flyers , Martin Fehervary 1 (Joshua Norris 3, Mathew Barzal 1) at 10:37
Filip Gustavsson (ULA) for Delaying the game (Minor) at 11:11 - Tom Wilson served the penalty.
Goalie Stats
Filip Gustavsson (ULA), 36 saves from 40 shots - (0.900), L, 2-2-0, 60:00 minutes
Casey DeSmith (KIE), 15 saves from 17 shots - (0.882), W, 1-0-0, 60:00 minutes
3 StarsOfficial
1 - Joshua Norris (KIE)
2 - Troy Terry (KIE)
3 - Tom Wilson (ULA)
Referees : Unknown
Linesman : Unknown
Game Note
No Game Note
Finance
Level 1 -- Attendance: 4625 (77.08%) -- Ticket Income $462,500
Level 2 -- Attendance: 3543 (70.86%) -- Ticket Income $212,580
Level 3 -- Attendance: 1613 (80.65%) -- Ticket Income $56,455
Level 4 -- Attendance: 2778 (69.45%) -- Ticket Income $69,450
Luxury Box -- Attendance: 1000 (100.00%) -- Ticket Income $200,000
Game was played at the Perogy Palace.
Total Attendance: 13559 (75.33%)
Total Ticket Income: $1,000,985
Other Income: $400,394
Total Income: $1,401,379



Team Name Goals Shots Shots Attemp Shots Blocked PIM HIT PP PK FO%
Mongoloids 217361412170 / 0 (0.00%046%
Flyers 4407550200 / 6 (0%)054%

Mongoloids
Player Name POS G A P +/- PIM HIT SHT SB MP PP MP PP SHT PK MP PK SHT FO% FOT
Andreas EnglundD0000200114:490:0002:1200% 0
Cal ClutterbuckRW000-1053015:030:0000:000100% 2
Carson SoucyD000-2230215:470:0000:0000% 0
David PerronLW/RW000000006:140:0000:2200% 0
Drake BathersonLW/RW0110004024:140:0006:1700% 0
Dylan SambergD0001210215:580:0005:4200% 0
Evgeni MalkinC000-1000015:030:0000:00053% 15
Kevin BahlD1010021126:070:0006:2700% 0
Mason MarchmentRW000-1002120:090:0005:1500% 1
Mason McTavishC/LW000-1012014:540:0000:00045% 22
Morgan GeekieC/RW0220011117:320:0005:15062% 21
Morgan RiellyD0000000012:410:0000:0300% 0
Rasmus AnderssonD000-2000321:080:0006:2900% 0
Timo MeierLW/RW000000000:120:0000:0000% 0
Tom WilsonRW1120032023:080:0004:59033% 15
Wee KawkD000-1410313:250:0002:5500% 0
Yegor ChinakhovLW/RW000-1001014:540:0000:0000% 1
Yegor SharangovichC/LW/RW000-1001016:430:0001:4000% 6
Flyers
Player Name POS G A P +/- PIM HIT SHT SB MP PP MP PP SHT PK MP PK SHT FO% FOT
Alex KillornLW/RW000-100208:010:0000:0000% 0
Andrei SvechnikovRW0001012020:296:2710:0000% 1
Artem ZubD0000051215:560:2800:0000% 0
Barclay GoodrowC/LW0111022014:020:0000:0000% 2
Claude GirouxC/RW1010014017:345:2710:0000% 1
Ivan BarbashevRW0110010012:350:2800:0000% 1
Jack EichelC1011004020:296:2700:00064% 28
Joshua NorrisC0222046018:554:5900:00076% 21
Martin FehervaryD1011004019:506:2530:0000% 0
Mathew BarzalC/RW0112001014:470:5100:0000% 3
Mathieu JosephLW/RW000-102108:010:0000:00050% 2
Mattias SamuelssonD0111001118:505:0110:0000% 0
Nick JensenD0000010115:360:0000:0000% 0
Pius SuterC/LW0110022018:116:0400:00035% 20
Ryan PulockD0111010024:145:0100:0000% 0
Scott LaughtonC/LW000-100208:010:0000:00067% 3
Shitty-Kitty GangbangD0001005125:346:5340:0000% 0
Troy TerryC/RW1012003018:554:5900:000100% 1

Mongoloids

5 vs 5 Forward
Line #Left WingCenterRight WingPHYDFOFWanted %Time %Time Play
1Drake BathersonMorgan GeekieTom Wilson1223026%12:17
2Yegor ChinakhovMason McTavishMason Marchment1222831%14:54
3Yegor SharangovichEvgeni MalkinCal Clutterbuck1222631%15:03
4David PerronTom WilsonDrake Batherson1221612%5:52
5 vs 5 Defense
Line #DefenseDefensePHYDFOFWanted %Time %Time Play
1Wee KawkKevin Bahl1223022%10:32
2Kevin BahlDylan Samberg1222821%10:17
3Carson SoucyRasmus Andersson1222630%14:39
4Andreas EnglundMorgan Rielly1221626%12:38
Power Play Forward
Line #Left WingCenterRight WingPHYDFOFWanted %Time %Time Play
1Drake BathersonMorgan GeekieTom Wilson122550%0:00
2Yegor ChinakhovMason McTavishMason Marchment122450%0:00
Power Play Defense
Line #DefenseDefensePHYDFOFWanted %Time %Time Play
1Wee KawkKevin Bahl122550%0:00
2Kevin BahlDylan Samberg122450%0:00
Penalty Kill 4 Players Forward
Line #CenterWingPHYDFOFWanted %Time %Time Play
1Tom WilsonDrake Batherson1225556%6:39
2Morgan GeekieMason Marchment1224544%5:15
Penalty Kill 4 Players Defense
Line #DefenseDefensePHYDFOFWanted %Time %Time Play
1Wee KawkKevin Bahl1225548%5:46
2Kevin BahlDylan Samberg1224552%6:08
Penalty Kill 3 Players
Line #WingPHYDFOFWanted %Time %Time PlayDefenseDefensePHYDFOFWanted %Time %Time Play
1Tom Wilson122550%0:00 Wee KawkKevin Bahl122550%0:00
2Drake Batherson122450%0:00 Kevin BahlDylan Samberg122450%0:00
4 vs 4 Forward
Line #CenterWingPHYDFOFWanted %Time %Time Play
1Tom WilsonDrake Batherson122550%0:00
2Morgan GeekieMason Marchment122450%0:00
4 vs 4 Defense
Line #DefensePHYDFOFWanted %Time %Time Play
1Wee KawkKevin Bahl122550%0:00
2Kevin BahlDylan Samberg122450%0:00
Last Minutes Offensive
Left WingCenterRight WingDefenseDefense
Drake BathersonMorgan GeekieTom WilsonWee KawkKevin Bahl
Last Minutes Defensive
Left WingCenterRight WingDefenseDefense
Drake BathersonMorgan GeekieTom WilsonWee KawkKevin Bahl
Time
Total ForwardTotal DefenseLast Minutes OffensiveLast Minutes Defensive
60:00 60:00 0:000:00
Extra Forwards
Normal PowerPlayPenalty Kill
Evgeni Malkin, Cal Clutterbuck, Yegor SharangovichEvgeni Malkin, Cal ClutterbuckYegor Sharangovich
Extra Defensemen
Normal PowerPlayPenalty Kill
Carson Soucy, Rasmus Andersson, Andreas EnglundCarson Soucy, Rasmus AnderssonAndreas Englund
Penalty Shots
Tom Wilson, Drake Batherson, Morgan Geekie, Mason Marchment, Mason McTavish
Goalie
Filip Gustavsson, Scott Wedgewood
Custom OT Lines Forwards
Tom Wilson, Drake Batherson, Morgan Geekie, Mason Marchment, Mason McTavish, Evgeni Malkin, Cal Clutterbuck, Yegor Chinakhov, Yegor Sharangovich, David Perron
Custom OT Lines Defensemen
Wee Kawk, Rasmus Andersson, Kevin Bahl, Dylan Samberg, Carson Soucy
Scratches
Taylor Hall (Healthy), Nick Seeler (Healthy), Ryan Lindgren (Healthy)

Flyers

5 vs 5 Forward
Line #Left WingCenterRight WingPHYDFOFWanted %Time %Time Play
1Barclay GoodrowJack EichelAndrei Svechnikov1223029%14:02
2Mathew BarzalJoshua NorrisTroy Terry1222829%13:56
3Claude GirouxPius SuterIvan Barbashev1222625%12:07
4Alex KillornScott LaughtonMathieu Joseph1221617%8:01
5 vs 5 Defense
Line #DefenseDefensePHYDFOFWanted %Time %Time Play
1Shitty-Kitty GangbangMartin Fehervary1223028%13:25
2Mattias SamuelssonRyan Pulock1222829%13:49
3Artem ZubNick Jensen1222632%15:28
4Ryan PulockShitty-Kitty Gangbang1221611%5:24
Power Play Forward
Line #Left WingCenterRight WingPHYDFOFWanted %Time %Time Play
1Pius SuterJack EichelAndrei Svechnikov1225554%6:27
2Claude GirouxJoshua NorrisTroy Terry1224546%5:27
Power Play Defense
Line #DefenseDefensePHYDFOFWanted %Time %Time Play
1Shitty-Kitty GangbangMartin Fehervary1225558%6:53
2Mattias SamuelssonRyan Pulock1224542%5:01
Penalty Kill 4 Players Forward
Line #CenterWingPHYDFOFWanted %Time %Time Play
1Jack EichelBarclay Goodrow122550%0:00
2Scott LaughtonMathieu Joseph122450%0:00
Penalty Kill 4 Players Defense
Line #DefenseDefensePHYDFOFWanted %Time %Time Play
1Shitty-Kitty GangbangMartin Fehervary122550%0:00
2Mattias SamuelssonRyan Pulock122450%0:00
Penalty Kill 3 Players
Line #WingPHYDFOFWanted %Time %Time PlayDefenseDefensePHYDFOFWanted %Time %Time Play
1Barclay Goodrow122550%0:00 Shitty-Kitty GangbangMartin Fehervary122550%0:00
2Mathieu Joseph122450%0:00 Mattias SamuelssonRyan Pulock122450%0:00
4 vs 4 Forward
Line #CenterWingPHYDFOFWanted %Time %Time Play
1Jack EichelJoshua Norris122550%0:00
2Andrei SvechnikovTroy Terry122450%0:00
4 vs 4 Defense
Line #DefensePHYDFOFWanted %Time %Time Play
1Shitty-Kitty GangbangMartin Fehervary122550%0:00
2Mattias SamuelssonRyan Pulock122450%0:00
Last Minutes Offensive
Left WingCenterRight WingDefenseDefense
Barclay GoodrowJack EichelAndrei SvechnikovShitty-Kitty GangbangMartin Fehervary
Last Minutes Defensive
Left WingCenterRight WingDefenseDefense
Barclay GoodrowPius SuterScott LaughtonShitty-Kitty GangbangMartin Fehervary
Time
Total ForwardTotal DefenseLast Minutes OffensiveLast Minutes Defensive
60:00 60:00 0:000:00
Extra Forwards
Normal PowerPlayPenalty Kill
Mathew Barzal, Ivan Barbashev, Andrei SvechnikovMathew Barzal, Andrei SvechnikovIvan Barbashev
Extra Defensemen
Normal PowerPlayPenalty Kill
Artem Zub, Ryan Pulock, Nick JensenArtem Zub, Shitty-Kitty GangbangNick Jensen
Penalty Shots
Jack Eichel, Joshua Norris, Andrei Svechnikov, Troy Terry, Mathew Barzal
Goalie
Casey DeSmith, Laurent Brossoit
Custom OT Lines Forwards
Jack Eichel, Joshua Norris, Andrei Svechnikov, Troy Terry, Mathew Barzal, Pius Suter, Ivan Barbashev, Barclay Goodrow, Scott Laughton, Claude Giroux
Custom OT Lines Defensemen
Shitty-Kitty Gangbang, Martin Fehervary, Mattias Samuelsson, Ryan Pulock, Artem Zub
Scratches
Nicholas Robertson (Healthy), Nicolas Hague (Healthy), Frederik Andersen (Healthy)


Play-by-Play

1st period


0:01 of 1st period - Jack Eichel wins face-off versus Tom Wilson in neutral zone.
0:16 of 1st period - Shot by Jack Eichel.
0:16 of 1st period - Stopped by Filip Gustavsson without a rebound.
0:17 of 1st period - Joshua Norris wins face-off versus Mason McTavish in Mongoloids zone.
0:34 of 1st period - Shot by Mathew Barzal.
0:34 of 1st period - Deflect By Joshua Norris.
0:34 of 1st period - Stopped by Filip Gustavsson without a rebound.
0:35 of 1st period - Evgeni Malkin wins face-off versus Pius Suter in Mongoloids zone.
0:41 of 1st period - Yegor Sharangovich is hit by Artem Zub and loses puck.
1:16 of 1st period - Icing by Artem Zub.
1:17 of 1st period - Pius Suter wins face-off versus Tom Wilson in Flyers zone.
1:19 of 1st period - Icing by Ivan Barbashev.
1:20 of 1st period - Pius Suter wins face-off versus Tom Wilson in Flyers zone.
1:42 of 1st period - Shot by David Perron.
1:42 of 1st period - Shot Blocked by Artem Zub.
2:27 of 1st period - Minor Penalty to Wee Kawk for Interference.
2:28 of 1st period - Morgan Geekie wins face-off versus Jack Eichel in Mongoloids zone.
2:28 of 1st period - Mason Marchment is hit by Andrei Svechnikov.
2:50 of 1st period - Shot by Shitty-Kitty Gangbang.
2:50 of 1st period - Stopped by Filip Gustavsson without a rebound.
2:51 of 1st period - Tom Wilson wins face-off versus Joshua Norris in Mongoloids zone.
3:50 of 1st period - Shot by Shitty-Kitty Gangbang.
3:50 of 1st period - Stopped by Filip Gustavsson without a rebound.
3:51 of 1st period - Morgan Geekie wins face-off versus Jack Eichel in Mongoloids zone.
4:08 of 1st period - Shot by Pius Suter.
4:08 of 1st period - Shot Misses the Net.
4:10 of 1st period - Shot by Shitty-Kitty Gangbang.
4:10 of 1st period - Stopped by Filip Gustavsson without a rebound.
4:11 of 1st period - Joshua Norris wins face-off versus Yegor Sharangovich in Mongoloids zone.
4:38 of 1st period - Shot by Cal Clutterbuck.
4:38 of 1st period - Stopped by Casey DeSmith without a rebound.
4:39 of 1st period - Jack Eichel wins face-off versus Mason McTavish in Flyers zone.
5:38 of 1st period - Shot by Joshua Norris.
5:38 of 1st period - Stopped by Filip Gustavsson without a rebound.
5:39 of 1st period - Morgan Geekie wins face-off versus Mathew Barzal in Mongoloids zone.
5:50 of 1st period - Shot by Joshua Norris.
5:50 of 1st period - Shot Blocked by Rasmus Andersson.
5:52 of 1st period - Shot by Troy Terry.
5:52 of 1st period - Shot Blocked by Rasmus Andersson.
6:13 of 1st period - Shot by Troy Terry.
6:13 of 1st period - Shot Misses the Net.
6:15 of 1st period - Shot by Troy Terry.
6:15 of 1st period - Goal by Troy Terry - Mongoloids : 0 - Flyers : 1.
6:16 of 1st period - Evgeni Malkin wins face-off versus Mathieu Joseph in neutral zone.
7:13 of 1st period - Icing by Scott Laughton.
7:14 of 1st period - Scott Laughton wins face-off versus Mason McTavish in Flyers zone.
8:22 of 1st period - Tom Wilson is hit by Joshua Norris and loses puck.
9:04 of 1st period - Icing by Mattias Samuelsson.
9:05 of 1st period - Evgeni Malkin wins face-off versus Mathew Barzal in Flyers zone.
9:12 of 1st period - Shot by Evgeni Malkin.
9:12 of 1st period - Shot Misses the Net.
9:20 of 1st period - Shot by Yegor Sharangovich.
9:20 of 1st period - Stopped by Casey DeSmith without a rebound.
9:21 of 1st period - Cal Clutterbuck wins face-off versus Pius Suter in Flyers zone.
10:20 of 1st period - Shot by Tom Wilson.
10:20 of 1st period - Stopped by Casey DeSmith without a rebound.
10:21 of 1st period - Jack Eichel wins face-off versus Mason McTavish in Flyers zone.
10:37 of 1st period - Icing by Carson Soucy.
10:38 of 1st period - Mathieu Joseph wins face-off versus Mason McTavish in Mongoloids zone.
10:55 of 1st period - Shot by Yegor Chinakhov.
10:55 of 1st period - Shot Misses the Net.
10:57 of 1st period - Shot by Rasmus Andersson.
10:57 of 1st period - Shot Misses the Net.
10:59 of 1st period - Shot by Yegor Chinakhov.
10:59 of 1st period - Shot Misses the Net.
11:34 of 1st period - Drake Batherson is hit by Ryan Pulock.
11:40 of 1st period - Shot by Morgan Geekie.
11:40 of 1st period - Shot Blocked by Mattias Samuelsson.
11:42 of 1st period - Shot by Kevin Bahl.
11:42 of 1st period - Goal by Kevin Bahl - Mongoloids : 1 - Flyers : 1.
11:43 of 1st period - Evgeni Malkin wins face-off versus Barclay Goodrow in neutral zone.
11:58 of 1st period - Shot by Cal Clutterbuck.
11:58 of 1st period - Stopped by Casey DeSmith without a rebound.
11:59 of 1st period - Troy Terry wins face-off versus Tom Wilson in Flyers zone.
12:28 of 1st period - Shot by Joshua Norris.
12:28 of 1st period - Shot Blocked by Wee Kawk.
12:30 of 1st period - Shot by Artem Zub.
12:30 of 1st period - Stopped by Filip Gustavsson without a rebound.
12:31 of 1st period - Jack Eichel wins face-off versus Evgeni Malkin in Mongoloids zone.
13:24 of 1st period - Rasmus Andersson is hit by Claude Giroux and loses puck.
13:49 of 1st period - Shot by Drake Batherson.
13:49 of 1st period - Stopped by Casey DeSmith without a rebound.
13:50 of 1st period - Joshua Norris wins face-off versus Tom Wilson in Flyers zone.
14:27 of 1st period - Morgan Geekie is hit by Artem Zub and loses puck.
14:54 of 1st period - Mason Marchment is hit by Artem Zub and loses puck.
15:03 of 1st period - Shot by Mason McTavish.
15:03 of 1st period - Stopped by Casey DeSmith with a rebound.
15:21 of 1st period - Andreas Englund is hit by Joshua Norris and loses puck.
15:27 of 1st period - Mason McTavish is hit by Nick Jensen and loses puck.
15:40 of 1st period - Shot by David Perron.
15:40 of 1st period - Shot Misses the Net.
16:25 of 1st period - Icing by Ryan Pulock.
16:26 of 1st period - Jack Eichel wins face-off versus Evgeni Malkin in Flyers zone.
16:50 of 1st period - Icing by Cal Clutterbuck.
16:51 of 1st period - Cal Clutterbuck wins face-off versus Pius Suter in Mongoloids zone.
17:38 of 1st period - Icing by Mattias Samuelsson.
17:39 of 1st period - Morgan Geekie wins face-off versus Scott Laughton in Flyers zone.
17:42 of 1st period - Shot by Drake Batherson.
17:42 of 1st period - Stopped by Casey DeSmith without a rebound.
17:43 of 1st period - Jack Eichel wins face-off versus Morgan Geekie in Flyers zone.
18:09 of 1st period - Shot by Barclay Goodrow.
18:09 of 1st period - Stopped by Filip Gustavsson without a rebound.
18:10 of 1st period - Pius Suter wins face-off versus Mason McTavish in Mongoloids zone.
18:13 of 1st period - Shot by Claude Giroux.
18:13 of 1st period - Shot Blocked by Mason Marchment.
19:22 of 1st period - Shot by Jack Eichel.
19:22 of 1st period - Shot Misses the Net.
19:24 of 1st period - Shot by Barclay Goodrow.
19:24 of 1st period - Deflect By Jack Eichel.
19:24 of 1st period - Goal by Jack Eichel - Mongoloids : 1 - Flyers : 2.
19:25 of 1st period - Joshua Norris wins face-off versus Evgeni Malkin in neutral zone.
19:30 of 1st period - Shot by Joshua Norris.
19:30 of 1st period - Stopped by Filip Gustavsson without a rebound.
19:31 of 1st period - Evgeni Malkin wins face-off versus Joshua Norris in Mongoloids zone.
19:59 of 1st period - Shot by Joshua Norris.
19:59 of 1st period - Stopped by Filip Gustavsson without a rebound.
19:59 of 1st period - Minor Penalty to Carson Soucy for Delaying the game.
Goals for this period are 1 for Mongoloids vs 2 for Flyers.
Shots for this period are 8 for Mongoloids vs 12 for Flyers.

2nd period


0:01 of 2nd period - Tom Wilson wins face-off versus Jack Eichel in neutral zone.
1:12 of 2nd period - Shot by Ryan Pulock.
1:12 of 2nd period - Shot Misses the Net.
1:14 of 2nd period - Shot by Ryan Pulock.
1:14 of 2nd period - Shot Misses the Net.
1:16 of 2nd period - Shot by Mattias Samuelsson.
1:16 of 2nd period - Stopped by Filip Gustavsson with a rebound.
1:44 of 2nd period - Shot by Shitty-Kitty Gangbang.
1:44 of 2nd period - Shot Blocked by Morgan Geekie.
1:46 of 2nd period - Shot by Martin Fehervary.
1:46 of 2nd period - Stopped by Filip Gustavsson without a rebound.
1:47 of 2nd period - Morgan Geekie wins face-off versus Jack Eichel in Mongoloids zone.
2:29 of 2nd period - Yegor Sharangovich is hit by Artem Zub.
2:50 of 2nd period - Cal Clutterbuck is hit by Mathieu Joseph and loses puck.
3:07 of 2nd period - Shitty-Kitty Gangbang is hit by Cal Clutterbuck and loses puck.
3:21 of 2nd period - Jack Eichel is hit by Carson Soucy.
3:46 of 2nd period - Icing by Claude Giroux.
3:47 of 2nd period - Morgan Geekie wins face-off versus Ivan Barbashev in Flyers zone.
4:11 of 2nd period - Shot by Drake Batherson.
4:11 of 2nd period - Shot Misses the Net.
4:22 of 2nd period - Shitty-Kitty Gangbang is hit by Morgan Geekie and loses puck.
4:37 of 2nd period - Carson Soucy is hit by Ivan Barbashev.
4:48 of 2nd period - Shot by Mason Marchment.
4:48 of 2nd period - Stopped by Casey DeSmith without a rebound.
4:49 of 2nd period - Joshua Norris wins face-off versus Tom Wilson in Flyers zone.
5:14 of 2nd period - Shot by Troy Terry.
5:14 of 2nd period - Shot Misses the Net.
5:58 of 2nd period - Minor Penalty to Wee Kawk for Cross-checking.
5:59 of 2nd period - Jack Eichel wins face-off versus Morgan Geekie in Mongoloids zone.
6:00 of 2nd period - Shot by Shitty-Kitty Gangbang.
6:00 of 2nd period - Shot Blocked by Rasmus Andersson.
6:11 of 2nd period - Icing by Pius Suter.
6:12 of 2nd period - Morgan Geekie wins face-off versus Jack Eichel in Flyers zone.
6:25 of 2nd period - Shot by Andrei Svechnikov.
6:25 of 2nd period - Stopped by Filip Gustavsson without a rebound.
6:26 of 2nd period - Joshua Norris wins face-off versus Morgan Geekie in Mongoloids zone.
6:29 of 2nd period - Shot by Troy Terry.
6:29 of 2nd period - Shot Misses the Net.
6:39 of 2nd period - Shot by Joshua Norris.
6:39 of 2nd period - Shot Misses the Net.
6:43 of 2nd period - Shot by Claude Giroux.
6:43 of 2nd period - Stopped by Filip Gustavsson without a rebound.
6:44 of 2nd period - Jack Eichel wins face-off versus Tom Wilson in Mongoloids zone.
7:44 of 2nd period - Shot by Martin Fehervary.
7:44 of 2nd period - Shot Blocked by Dylan Samberg.
8:00 of 2nd period - Shot by Alex Killorn.
8:00 of 2nd period - Shot Misses the Net.
8:28 of 2nd period - Shot by Alex Killorn.
8:28 of 2nd period - Stopped by Filip Gustavsson without a rebound.
8:29 of 2nd period - Mason McTavish wins face-off versus Barclay Goodrow in Mongoloids zone.
8:29 of 2nd period - Mason McTavish is hit by Barclay Goodrow.
8:42 of 2nd period - Shot by Mason McTavish.
8:42 of 2nd period - Stopped by Casey DeSmith with a rebound.
9:09 of 2nd period - Icing by Ryan Pulock.
9:10 of 2nd period - Jack Eichel wins face-off versus Yegor Sharangovich in Flyers zone.
9:28 of 2nd period - Icing by Rasmus Andersson.
9:29 of 2nd period - Evgeni Malkin wins face-off versus Joshua Norris in Mongoloids zone.
9:50 of 2nd period - Shot by Troy Terry.
9:50 of 2nd period - Stopped by Filip Gustavsson without a rebound.
9:51 of 2nd period - Pius Suter wins face-off versus Morgan Geekie in Mongoloids zone.
10:08 of 2nd period - Shot by Morgan Geekie.
10:08 of 2nd period - Shot Blocked by Artem Zub.
10:10 of 2nd period - Shot by Tom Wilson.
10:10 of 2nd period - Goal by Tom Wilson - Mongoloids : 2 - Flyers : 2.
10:11 of 2nd period - Joshua Norris wins face-off versus Mason Marchment in neutral zone.
10:23 of 2nd period - Mathew Barzal is hit by Kevin Bahl.
10:24 of 2nd period - Minor Penalty to Dylan Samberg for Tripping.
10:25 of 2nd period - Tom Wilson wins face-off versus Pius Suter in Mongoloids zone.
10:49 of 2nd period - Jack Eichel is hit by Kevin Bahl.
10:51 of 2nd period - Shot by Martin Fehervary.
10:51 of 2nd period - Shot Misses the Net.
11:25 of 2nd period - Rasmus Andersson is hit by Joshua Norris and loses puck.
12:05 of 2nd period - Icing by Martin Fehervary.
12:06 of 2nd period - Morgan Geekie wins face-off versus Jack Eichel in Flyers zone.
12:29 of 2nd period - Scott Laughton is hit by Carson Soucy and loses puck.
12:35 of 2nd period - Cal Clutterbuck is hit by Mathieu Joseph and loses puck.
12:42 of 2nd period - Artem Zub is hit by Cal Clutterbuck and loses puck.
12:47 of 2nd period - Shot by Cal Clutterbuck.
12:47 of 2nd period - Shot Hit the Post.
12:59 of 2nd period - Shot by Evgeni Malkin.
12:59 of 2nd period - Shot Blocked by Nick Jensen.
13:54 of 2nd period - Shot by Mason McTavish.
13:54 of 2nd period - Shot Hit the Post.
13:56 of 2nd period - Shot by Kevin Bahl.
13:56 of 2nd period - Shot Misses the Net.
13:58 of 2nd period - Shot by Kevin Bahl.
13:58 of 2nd period - Shot Misses the Net.
14:33 of 2nd period - Shot by Jack Eichel.
14:33 of 2nd period - Shot Misses the Net.
14:36 of 2nd period - Minor Penalty to Andreas Englund for Slashing.
14:37 of 2nd period - Tom Wilson wins face-off versus Jack Eichel in Mongoloids zone.
14:56 of 2nd period - Shot by Shitty-Kitty Gangbang.
14:56 of 2nd period - Stopped by Filip Gustavsson with a rebound.
14:58 of 2nd period - Shot by Martin Fehervary.
14:58 of 2nd period - Stopped by Filip Gustavsson without a rebound.
14:59 of 2nd period - Joshua Norris wins face-off versus Tom Wilson in Mongoloids zone.
15:26 of 2nd period - Shitty-Kitty Gangbang is hit by Dylan Samberg and loses puck.
16:01 of 2nd period - Shot by Ryan Pulock.
16:01 of 2nd period - Shot Misses the Net.
16:03 of 2nd period - Shot by Ryan Pulock.
16:03 of 2nd period - Shot Hit the Post.
16:17 of 2nd period - Shot by Claude Giroux.
16:17 of 2nd period - Shot Misses the Net.
16:19 of 2nd period - Shot by Shitty-Kitty Gangbang.
16:19 of 2nd period - Shot Blocked by Dylan Samberg.
16:21 of 2nd period - Shot by Artem Zub.
16:21 of 2nd period - Shot Misses the Net.
16:23 of 2nd period - Shot by Claude Giroux.
16:23 of 2nd period - Shot Hit the Post.
16:37 of 2nd period - Shot by Scott Laughton.
16:37 of 2nd period - Shot Blocked by Andreas Englund.
16:49 of 2nd period - Shot by Alex Killorn.
16:49 of 2nd period - Shot Misses the Net.
16:59 of 2nd period - Shot by Scott Laughton.
16:59 of 2nd period - Stopped by Filip Gustavsson without a rebound.
17:00 of 2nd period - Jack Eichel wins face-off versus Tom Wilson in Mongoloids zone.
18:27 of 2nd period - Icing by Morgan Rielly.
18:28 of 2nd period - Pius Suter wins face-off versus Evgeni Malkin in Mongoloids zone.
19:24 of 2nd period - Shot by Mathieu Joseph.
19:24 of 2nd period - Stopped by Filip Gustavsson with a rebound.
19:46 of 2nd period - Shot by Alex Killorn.
19:46 of 2nd period - Stopped by Filip Gustavsson without a rebound.
19:47 of 2nd period - Tom Wilson wins face-off versus Jack Eichel in Mongoloids zone.
Goals for this period are 1 for Mongoloids vs 0 for Flyers.
Shots for this period are 3 for Mongoloids vs 11 for Flyers.

3rd period


0:01 of 3rd period - Jack Eichel wins face-off versus Morgan Geekie in neutral zone.
0:01 of 3rd period - Shitty-Kitty Gangbang is hit by Tom Wilson and loses puck.
0:06 of 3rd period - Shot by Barclay Goodrow.
0:06 of 3rd period - Shot Misses the Net.
0:12 of 3rd period - Shot by Jack Eichel.
0:12 of 3rd period - Stopped by Filip Gustavsson without a rebound.
0:13 of 3rd period - Pius Suter wins face-off versus Mason McTavish in Mongoloids zone.
0:23 of 3rd period - Icing by Carson Soucy.
0:24 of 3rd period - Jack Eichel wins face-off versus Mason McTavish in Mongoloids zone.
1:27 of 3rd period - Shot by Drake Batherson.
1:27 of 3rd period - Stopped by Casey DeSmith without a rebound.
1:28 of 3rd period - Morgan Geekie wins face-off versus Joshua Norris in Flyers zone.
1:44 of 3rd period - Shot by Mathew Barzal.
1:44 of 3rd period - Stopped by Filip Gustavsson without a rebound.
1:45 of 3rd period - Evgeni Malkin wins face-off versus Pius Suter in Mongoloids zone.
2:43 of 3rd period - Shot by Tom Wilson.
2:43 of 3rd period - Shot Misses the Net.
3:00 of 3rd period - Off-side.
3:01 of 3rd period - Joshua Norris wins face-off versus Mason McTavish in neutral zone.
3:13 of 3rd period - Icing by Rasmus Andersson.
3:14 of 3rd period - Jack Eichel wins face-off versus Mason McTavish in Mongoloids zone.
3:17 of 3rd period - Shot by Andrei Svechnikov.
3:17 of 3rd period - Stopped by Filip Gustavsson with a rebound.
3:30 of 3rd period - Off-side.
3:31 of 3rd period - Morgan Geekie wins face-off versus Joshua Norris in neutral zone.
3:39 of 3rd period - Icing by Mattias Samuelsson.
3:40 of 3rd period - Joshua Norris wins face-off versus Morgan Geekie in Flyers zone.
4:01 of 3rd period - Shot by Morgan Geekie.
4:01 of 3rd period - Stopped by Casey DeSmith with a rebound.
4:11 of 3rd period - Shot by Troy Terry.
4:11 of 3rd period - Shot Blocked by Wee Kawk.
4:13 of 3rd period - Shot by Ryan Pulock.
4:13 of 3rd period - Shot Misses the Net.
4:22 of 3rd period - Mathew Barzal is hit by Wee Kawk and loses puck.
4:39 of 3rd period - Shot by Andrei Svechnikov.
4:39 of 3rd period - Shot Misses the Net.
4:41 of 3rd period - Shot by Shitty-Kitty Gangbang.
4:41 of 3rd period - Shot Blocked by Kevin Bahl.
4:43 of 3rd period - Shot by Jack Eichel.
4:43 of 3rd period - Deflect By Andrei Svechnikov.
4:43 of 3rd period - Shot Blocked by Wee Kawk.
4:45 of 3rd period - Shot by Barclay Goodrow.
4:45 of 3rd period - Stopped by Filip Gustavsson without a rebound.
4:46 of 3rd period - Mason McTavish wins face-off versus Pius Suter in Mongoloids zone.
4:53 of 3rd period - Shot by Ivan Barbashev.
4:53 of 3rd period - Shot Blocked by Carson Soucy.
4:55 of 3rd period - Shot by Claude Giroux.
4:55 of 3rd period - Shot Blocked by Carson Soucy.
4:57 of 3rd period - Shot by Claude Giroux.
4:57 of 3rd period - Goal by Claude Giroux - Mongoloids : 2 - Flyers : 3.
4:58 of 3rd period - Evgeni Malkin wins face-off versus Jack Eichel in neutral zone.
4:58 of 3rd period - Cal Clutterbuck is hit by Barclay Goodrow and loses puck.
5:30 of 3rd period - Off-side.
5:31 of 3rd period - Pius Suter wins face-off versus Mason McTavish in neutral zone.
5:35 of 3rd period - Icing by Carson Soucy.
5:36 of 3rd period - Mason McTavish wins face-off versus Pius Suter in Mongoloids zone.
5:40 of 3rd period - Off-side.
5:41 of 3rd period - Morgan Geekie wins face-off versus Pius Suter in neutral zone.
5:46 of 3rd period - Shot by Tom Wilson.
5:46 of 3rd period - Shot Blocked by Shitty-Kitty Gangbang.
6:21 of 3rd period - Shot by Pius Suter.
6:21 of 3rd period - Stopped by Filip Gustavsson without a rebound.
6:22 of 3rd period - Mason McTavish wins face-off versus Jack Eichel in Mongoloids zone.
6:33 of 3rd period - Shot by Yegor Chinakhov.
6:33 of 3rd period - Shot Misses the Net.
6:50 of 3rd period - Jack Eichel is hit by Carson Soucy.
7:26 of 3rd period - Icing by Rasmus Andersson.
7:27 of 3rd period - Mason McTavish wins face-off versus Pius Suter in Mongoloids zone.
7:27 of 3rd period - Mason McTavish is hit by Pius Suter.
9:30 of 3rd period - Shot by Scott Laughton.
9:30 of 3rd period - Stopped by Filip Gustavsson without a rebound.
9:31 of 3rd period - Mason McTavish wins face-off versus Andrei Svechnikov in Mongoloids zone.
10:03 of 3rd period - Barclay Goodrow is hit by Mason McTavish and loses puck.
10:18 of 3rd period - Shot by Drake Batherson.
10:18 of 3rd period - Stopped by Casey DeSmith without a rebound.
10:19 of 3rd period - Joshua Norris wins face-off versus Evgeni Malkin in Flyers zone.
10:19 of 3rd period - Joshua Norris is hit by Cal Clutterbuck.
10:22 of 3rd period - Shitty-Kitty Gangbang is hit by Cal Clutterbuck.
10:29 of 3rd period - Yegor Sharangovich is hit by Joshua Norris.
10:35 of 3rd period - Shot by Joshua Norris.
10:35 of 3rd period - Stopped by Filip Gustavsson with a rebound.
10:37 of 3rd period - Shot by Martin Fehervary.
10:37 of 3rd period - Goal by Martin Fehervary - Mongoloids : 2 - Flyers : 4.
10:38 of 3rd period - Morgan Geekie wins face-off versus Pius Suter in neutral zone.
10:38 of 3rd period - Morgan Geekie is hit by Pius Suter.
10:42 of 3rd period - Pius Suter is hit by Tom Wilson and loses puck.
11:11 of 3rd period - Shot by Claude Giroux.
11:11 of 3rd period - Stopped by Filip Gustavsson without a rebound.
11:11 of 3rd period - Minor Penalty to Filip Gustavsson for Delaying the game.
11:12 of 3rd period - Jack Eichel wins face-off versus Yegor Sharangovich in Mongoloids zone.
11:17 of 3rd period - Shot by Martin Fehervary.
11:17 of 3rd period - Stopped by Filip Gustavsson without a rebound.
11:18 of 3rd period - Joshua Norris wins face-off versus Yegor Sharangovich in Mongoloids zone.
12:10 of 3rd period - Icing by Pius Suter.
12:11 of 3rd period - Jack Eichel wins face-off versus Yegor Sharangovich in Flyers zone.
13:11 of 3rd period - Shot by Joshua Norris.
13:11 of 3rd period - Stopped by Filip Gustavsson without a rebound.
13:12 of 3rd period - Scott Laughton wins face-off versus Mason McTavish in Mongoloids zone.
15:00 of 3rd period - Troy Terry is hit by Tom Wilson and loses puck.
15:16 of 3rd period - Icing by Joshua Norris.
15:17 of 3rd period - Mason McTavish wins face-off versus Mathew Barzal in Flyers zone.
15:36 of 3rd period - Shot by Yegor Chinakhov.
15:36 of 3rd period - Stopped by Casey DeSmith without a rebound.
15:37 of 3rd period - Jack Eichel wins face-off versus Yegor Sharangovich in Flyers zone.
16:08 of 3rd period - Shot by Cal Clutterbuck.
16:08 of 3rd period - Stopped by Casey DeSmith without a rebound.
16:09 of 3rd period - Mason McTavish wins face-off versus Pius Suter in Flyers zone.
16:13 of 3rd period - Icing by Nick Jensen.
16:14 of 3rd period - Morgan Geekie wins face-off versus Pius Suter in Flyers zone.
16:18 of 3rd period - Tom Wilson is hit by Artem Zub and loses puck.
16:45 of 3rd period - Shot by Claude Giroux.
16:45 of 3rd period - Stopped by Filip Gustavsson without a rebound.
16:46 of 3rd period - Jack Eichel wins face-off versus Yegor Chinakhov in Mongoloids zone.
16:59 of 3rd period - Shot by Mason Marchment.
16:59 of 3rd period - Deflect By Yegor Chinakhov.
16:59 of 3rd period - Shot Misses the Net.
17:01 of 3rd period - Shot by Rasmus Andersson.
17:01 of 3rd period - Shot Misses the Net.
17:03 of 3rd period - Shot by Mason Marchment.
17:03 of 3rd period - Stopped by Casey DeSmith without a rebound.
17:04 of 3rd period - Joshua Norris wins face-off versus Evgeni Malkin in Flyers zone.
17:04 of 3rd period - Joshua Norris is hit by Cal Clutterbuck.
17:07 of 3rd period - Icing by Troy Terry.
17:08 of 3rd period - Joshua Norris wins face-off versus Morgan Geekie in Flyers zone.
17:15 of 3rd period - Shot by Shitty-Kitty Gangbang.
17:15 of 3rd period - Stopped by Filip Gustavsson without a rebound.
17:16 of 3rd period - Jack Eichel wins face-off versus Morgan Geekie in Mongoloids zone.
17:47 of 3rd period - Shot by Jack Eichel.
17:47 of 3rd period - Stopped by Filip Gustavsson with a rebound.
18:33 of 3rd period - Shot by Pius Suter.
18:33 of 3rd period - Stopped by Filip Gustavsson without a rebound.
18:34 of 3rd period - Joshua Norris wins face-off versus Evgeni Malkin in Mongoloids zone.
18:48 of 3rd period - Shot by Joshua Norris.
18:48 of 3rd period - Shot Misses the Net.
18:50 of 3rd period - Shot by Troy Terry.
18:50 of 3rd period - Stopped by Filip Gustavsson without a rebound.
18:51 of 3rd period - Mason McTavish wins face-off versus Pius Suter in Mongoloids zone.
18:55 of 3rd period - Icing by Rasmus Andersson.
18:56 of 3rd period - Mason McTavish wins face-off versus Claude Giroux in Mongoloids zone.
19:10 of 3rd period - Off-side.
19:11 of 3rd period - Joshua Norris wins face-off versus Tom Wilson in neutral zone.
Goals for this period are 0 for Mongoloids vs 2 for Flyers.
Shots for this period are 6 for Mongoloids vs 17 for Flyers.